General information
			
			
        
        - name: BNet
 
        - type: Ladder team game (AT/RT)
 
        - host: Battle.net
 
        - saver: BO_SCHEMBECHLER
 
        
map: Cherryville 
        - players: 8
 
        - length: 36:36
 
        - speed: Fast
 - version: 1.22 W3XP
 - replay type:  Public
 
» download(198 KB)
Players
        team 1 (loser) 
              
              
Safetypinkilla (
pink | 30 APM | 1004 actions | 33:07)
              
 3 Blademaster 
 1 Wind Walk
 2 Critical Strike
 
                » actions 
                
                | Build / train | 40 |  | 
| Enter build submenu | 16 |  | 
| Enter hero's abilities submenu | 3 |  | 
| Remove unit from queue | 2 |  | 
| Right click | 477 |  | 
| Select / deselect | 404 |  | 
| Use ability | 62 |  | 
                1004 total
 » units 
                
                | Peon | 5 |  | 
| Grunt | 5 |  | 
| Goblin Shredder | 1 |  | 
| Troll Batrider | 17 |  | 
                28 total
 » upgrades
                
                | Spiked Barricades | 1 |  | 
| Ranged Weapons | 1 |  | 
| Armor | 1 |  | 
| Liquid Fire | 1 |  | 
                4 total
 » buildings
                
                | Altar of Storms | 1 |  | 
| Orc Burrow | 7 |  | 
| Barracks | 1 |  | 
| Stronghold | 1 |  | 
| War Mill | 1 |  | 
| Beastiary | 3 |  | 
| Voodoo Lounge | 1 |  | 
| Fortress | 1 |  | 
                16 total
 » build order
                00:08 Altar of Storms
00:11 Orc Burrow
02:44 Barracks
03:15 Orc Burrow
04:01 Orc Burrow
04:07 Orc Burrow
04:41 Orc Burrow
05:47 Orc Burrow
05:56 Stronghold
06:22 War Mill
07:31 Orc Burrow
08:44 Beastiary
08:50 Beastiary
11:16 Voodoo Lounge
11:31 Beastiary
13:45 Fortress
 
               
              
              
youaintgood10 (
purple | 38 APM | 1369 actions | 36:14)
              
 9 Demon Hunter 
 3 Immolation
 3 Evasion
 1 Metamorphosis
 2 Mana Burn
 
                » actions 
                
                | Assign group hotkey | 19 |  | 
| Basic commands | 87 |  | 
| Build / train | 97 |  | 
| ESC pressed | 4 |  | 
| Enter build submenu | 25 |  | 
| Enter hero's abilities submenu | 9 |  | 
| Give item / drop item | 1 |  | 
| Right click | 453 |  | 
| Select / deselect | 276 |  | 
| Select group hotkey | 346 |  | 
| Use ability | 52 |  | 
                1369 total
 » units 
                
                | Wisp | 25 |  | 
| Archer | 2 |  | 
| Huntress | 2 |  | 
| Assassin | 1 |  | 
| Hippogryph | 18 |  | 
| Chimaera | 12 |  | 
| Druid of the Talon | 4 |  | 
                64 total
 » upgrades
                
                | Ultravision | 1 |  | 
| Strength of the Wild | 3 |  | 
| Reinforced Hides | 3 |  | 
| Well Spring | 1 |  | 
| Corrosive Breath | 1 |  | 
| Druid of the Talon Training | 2 |  | 
| Hippogryph Taming | 1 |  | 
| Strength of the Moon | 1 |  | 
| Moon Armor | 1 |  | 
                14 total
 » buildings
                
                | Ancient of War | 2 |  | 
| Altar of Elders | 1 |  | 
| Moon Well | 8 |  | 
| Ancient of Wonders | 1 |  | 
| Hunter's Hall | 3 |  | 
| Tree of Ages | 1 |  | 
| Ancient of Wind | 3 |  | 
| Tree of Life | 3 |  | 
| Tree of Eternity | 1 |  | 
| Chimaera Roost | 2 |  | 
| Ancient Protector | 1 |  | 
                26 total
 » build order
                01:44 Ancient of War
01:46 Ancient of War
01:48 Altar of Elders
01:50 Moon Well
01:52 Moon Well
03:12 Moon Well
03:18 Ancient of Wonders
03:59 Hunter's Hall
04:36 Hunter's Hall
04:57 Hunter's Hall
05:01 Tree of Ages
06:29 Moon Well
06:39 Moon Well
07:55 Ancient of Wind
08:05 Moon Well
09:16 Moon Well
10:33 Tree of Life
10:37 Tree of Eternity
11:17 Ancient of Wind
11:20 Ancient of Wind
14:56 Chimaera Roost
14:59 Chimaera Roost
17:31 Moon Well
21:29 Tree of Life
21:38 Ancient Protector
24:20 Tree of Life
» items
                
                | Dust of Appearance | 3 |  | 
| Scroll of Town Portal | 2 |  | 
| Orb of Venom | 1 |  | 
                6 total
  
               
              
              
DarkElf543 (
red | 21 APM | 722 actions | 33:36)
              
 4 Shadow Hunter 
 2 Serpent Ward
 2 Healing Wave
 
                » actions 
                
                | Assign group hotkey | 11 |  | 
| Build / train | 72 |  | 
| Enter build submenu | 19 |  | 
| Enter hero's abilities submenu | 4 |  | 
| Remove unit from queue | 2 |  | 
| Right click | 280 |  | 
| Select / deselect | 246 |  | 
| Select group hotkey | 50 |  | 
| Use ability | 38 |  | 
                722 total
 » units 
                
                | Peon | 10 |  | 
| Grunt | 2 |  | 
| Troll Headhunter/Berserker | 42 |  | 
                54 total
 » upgrades
                
                | Ranged Weapons | 3 |  | 
| Armor | 2 |  | 
| Spiked Barricades | 1 |  | 
| Troll Regeneration | 1 |  | 
| Berserker Upgrade | 1 |  | 
| Berserker Strength | 1 |  | 
                9 total
 » buildings
                
                | Altar of Storms | 1 |  | 
| Orc Burrow | 8 |  | 
| Barracks | 2 |  | 
| War Mill | 1 |  | 
| Stronghold | 1 |  | 
| Watch Tower | 3 |  | 
| Fortress | 1 |  | 
| Great Hall | 1 |  | 
                18 total
 » build order
                00:10 Altar of Storms
00:14 Orc Burrow
01:28 Barracks
02:02 Orc Burrow
02:14 War Mill
02:42 Orc Burrow
03:14 Orc Burrow
06:28 Stronghold
07:27 Orc Burrow
07:38 Barracks
07:45 Watch Tower
11:09 Fortress
13:11 Orc Burrow
13:42 Orc Burrow
15:43 Orc Burrow
27:39 Great Hall
31:14 Watch Tower
31:24 Watch Tower
 
               
              
              
MagmaLava (
orange | 37 APM | 1247 actions | 33:54)
              
 7 Keeper of the Grove 
 3 Force of Nature
 3 Entangling Roots
 1 Tranquility
 
                » actions 
                
                | Build / train | 49 |  | 
| Enter build submenu | 20 |  | 
| Enter hero's abilities submenu | 7 |  | 
| Right click | 754 |  | 
| Select / deselect | 373 |  | 
| Use ability | 44 |  | 
                1247 total
 » units 
                
                | Wisp | 13 |  | 
| Archer | 5 |  | 
| Huntress | 13 |  | 
| Chimaera | 4 |  | 
                35 total
 » upgrades
                
                | Sentinel | 1 |  | 
| Upgrade Moon Glaive | 1 |  | 
| Corrosive Breath | 1 |  | 
                3 total
 » buildings
                
                | Moon Well | 5 |  | 
| Altar of Elders | 1 |  | 
| Ancient of War | 2 |  | 
| Hunter's Hall | 1 |  | 
| Tree of Ages | 1 |  | 
| Ancient of Wonders | 1 |  | 
| Ancient of Lore | 1 |  | 
| Tree of Eternity | 1 |  | 
| Ancient of Wind | 1 |  | 
| Chimaera Roost | 4 |  | 
                18 total
 » build order
                00:08 Moon Well
00:41 Altar of Elders
01:04 Ancient of War
01:55 Hunter's Hall
02:30 Moon Well
03:08 Ancient of War
04:11 Moon Well
05:36 Tree of Ages
05:43 Ancient of Wonders
09:36 Moon Well
12:19 Ancient of Lore
12:22 Tree of Eternity
16:53 Ancient of Wind
19:45 Chimaera Roost
21:22 Chimaera Roost
22:27 Moon Well
22:47 Chimaera Roost
24:24 Chimaera Roost
» items
                 
               team 2 (winner) 
              
              
jino369 (
yellow | 29 APM | 1062 actions | 36:15)
              
 6 Archmage 
 3 Summon Water Elemental
 3 Brilliance Aura
 
                » actions 
                
                | Assign group hotkey | 21 |  | 
| Basic commands | 1 |  | 
| Build / train | 88 |  | 
| Enter build submenu | 25 |  | 
| Enter hero's abilities submenu | 6 |  | 
| Remove unit from queue | 3 |  | 
| Right click | 388 |  | 
| Select / deselect | 367 |  | 
| Select group hotkey | 110 |  | 
| Use ability | 53 |  | 
                1062 total
 » units 
                
                | Peasant | 10 |  | 
| Sorceress | 14 |  | 
| Priest | 10 |  | 
| Spell Breaker | 2 |  | 
| Knight | 10 |  | 
                46 total
 » upgrades
                
                | Sorceress Training | 2 |  | 
| Priest Training | 2 |  | 
| Gunpowder | 1 |  | 
| Swords | 3 |  | 
| Animal War Training | 1 |  | 
| Plating | 1 |  | 
                10 total
 » buildings
                
                | Altar of Kings | 1 |  | 
| Farm | 9 |  | 
| Keep | 1 |  | 
| Arcane Vault | 1 |  | 
| Arcane Sanctum | 2 |  | 
| Lumber Mill | 1 |  | 
| Guard Tower | 3 |  | 
| Blacksmith | 2 |  | 
| Barracks | 2 |  | 
| Castle | 1 |  | 
| Town Hall | 1 |  | 
                24 total
 » build order
                00:22 Altar of Kings
00:40 Farm
01:16 Farm
02:38 Keep
03:37 Farm
04:15 Arcane Vault
05:01 Arcane Sanctum
05:50 Lumber Mill
06:26 Arcane Sanctum
07:28 Guard Tower
08:54 Blacksmith
09:52 Blacksmith
11:07 Farm
12:00 Guard Tower
12:51 Farm
13:52 Guard Tower
14:13 Farm
14:59 Barracks
15:08 Barracks
16:46 Farm
16:48 Farm
16:51 Farm
19:44 Castle
20:25 Town Hall
33:32 Keep
» items
                
                | Ivory Tower | 11 |  | 
| Periapt of Vitality | 1 |  | 
| Tome of Retraining | 1 |  | 
| Scroll of Town Portal | 1 |  | 
                14 total
  
               
              
              
» 
TF.Danzig.VFX (
teal | 48 APM | 1728 actions | 36:15)
              
 8 Blademaster 
 1 Wind Walk
 3 Critical Strike
 3 Mirror Image
 1 Bladestorm
 
                » actions 
                
                | Assign group hotkey | 18 |  | 
| Basic commands | 166 |  | 
| Build / train | 110 |  | 
| ESC pressed | 1 |  | 
| Enter build submenu | 23 |  | 
| Enter hero's abilities submenu | 9 |  | 
| Give item / drop item | 2 |  | 
| Remove unit from queue | 6 |  | 
| Right click | 436 |  | 
| Select / deselect | 462 |  | 
| Select group hotkey | 410 |  | 
| Use ability | 85 |  | 
                1728 total
 » units 
                
                | Peon | 15 |  | 
| Grunt | 10 |  | 
| Wind Rider | 13 |  | 
| Kodo Beast | 2 |  | 
| Raider | 27 |  | 
                67 total
 » upgrades
                
                | Pillage | 1 |  | 
| Ranged Weapons | 3 |  | 
| Spiked Barricades | 2 |  | 
| Armor | 3 |  | 
| Envenomed Spears | 1 |  | 
| Berserker Strength | 1 |  | 
| War Drums Damage Increase | 1 |  | 
| Ensnare | 1 |  | 
| Melee Weapons | 2 |  | 
| Reinforced Defenses | 1 |  | 
                16 total
 » buildings
                
                | Altar of Storms | 1 |  | 
| Orc Burrow | 8 |  | 
| Barracks | 1 |  | 
| War Mill | 1 |  | 
| Stronghold | 1 |  | 
| Voodoo Lounge | 1 |  | 
| Beastiary | 2 |  | 
| Fortress | 1 |  | 
| Great Hall | 2 |  | 
| Watch Tower | 3 |  | 
                21 total
 » build order
                00:10 Altar of Storms
00:13 Orc Burrow
01:12 Barracks
01:15 War Mill
02:25 Orc Burrow
03:23 Orc Burrow
03:59 Stronghold
04:23 Orc Burrow
05:35 Voodoo Lounge
06:53 Beastiary
06:58 Beastiary
07:10 Fortress
07:44 Orc Burrow
11:38 Orc Burrow
12:16 Great Hall
19:33 Orc Burrow
19:36 Orc Burrow
24:49 Great Hall
25:54 Watch Tower
25:57 Watch Tower
25:59 Watch Tower
» items
                
                | Potion of Healing | 1 |  | 
| Orb of Lightning | 1 |  | 
| Healing Salve | 2 |  | 
| Scroll of Town Portal | 2 |  | 
                6 total
  
               
              
              
rock (
green | 19 APM | 683 actions | 36:15)
              
 3 Paladin 
 2 Holy Light
 1 Divine Shield
 
                » actions 
                
                | Basic commands | 1 |  | 
| Build / train | 86 |  | 
| Enter build submenu | 44 |  | 
| Enter hero's abilities submenu | 3 |  | 
| Remove unit from queue | 4 |  | 
| Right click | 193 |  | 
| Select / deselect | 301 |  | 
| Use ability | 51 |  | 
                683 total
 » units 
                
                | Peasant | 13 |  | 
| Footman | 8 |  | 
| Knight | 16 |  | 
| Mortar Team | 2 |  | 
| Sorceress | 4 |  | 
| Dragonhawk Rider | 6 |  | 
                49 total
 » upgrades
                
                | Plating | 2 |  | 
| Fragmentation Shards | 1 |  | 
| Masonry | 1 |  | 
| Lumber Harvesting | 1 |  | 
| Swords | 1 |  | 
| Sorceress Training | 1 |  | 
| Cloud | 1 |  | 
                8 total
 » buildings
                
                | Altar of Kings | 1 |  | 
| Farm | 12 |  | 
| Barracks | 4 |  | 
| Lumber Mill | 2 |  | 
| Keep | 1 |  | 
| Blacksmith | 1 |  | 
| Arcane Vault | 1 |  | 
| Scout Tower | 13 |  | 
| Guard Tower | 5 |  | 
| Castle | 1 |  | 
| Workshop | 2 |  | 
| Arcane Sanctum | 1 |  | 
| Cannon Tower | 10 |  | 
| Gryphon Aviary | 3 |  | 
| Town Hall | 1 |  | 
                58 total
 » build order
                00:11 Altar of Kings
00:14 Farm
00:56 Farm
01:11 Barracks
01:27 Lumber Mill
02:32 Barracks
02:38 Farm
03:10 Farm
03:25 Keep
03:34 Blacksmith
03:47 Arcane Vault
04:00 Farm
04:56 Scout Tower
05:01 Scout Tower
05:10 Barracks
05:31 Guard Tower
05:37 Guard Tower
05:43 Scout Tower
05:48 Scout Tower
06:45 Castle
06:58 Workshop
07:19 Arcane Sanctum
07:29 Scout Tower
08:40 Workshop
09:07 Barracks
09:31 Farm
09:34 Cannon Tower
09:36 Cannon Tower
09:38 Cannon Tower
10:04 Lumber Mill
11:26 Scout Tower
11:56 Scout Tower
12:06 Cannon Tower
12:15 Farm
12:20 Farm
12:27 Farm
12:51 Cannon Tower
12:55 Scout Tower
13:03 Farm
13:08 Farm
13:11 Farm
13:43 Gryphon Aviary
13:56 Gryphon Aviary
14:01 Gryphon Aviary
14:44 Cannon Tower
17:31 Scout Tower
17:34 Scout Tower
18:09 Cannon Tower
18:13 Cannon Tower
18:39 Guard Tower
18:41 Guard Tower
18:43 Cannon Tower
21:24 Cannon Tower
25:53 Town Hall
26:14 Scout Tower
26:18 Scout Tower
26:24 Scout Tower
26:47 Guard Tower
26:49 Guard Tower
» items
                
                | Scroll of Town Portal | 2 |  | 
| Ivory Tower | 5 |  | 
                7 total
  
               
              
              
BO_SCHEMBECHLER (
blue | 67 APM | 2445 actions | 36:36)
              
 8 Blood Mage 
 3 Flame Strike
 3 Siphon Mana
 1 Summon Phoenix
 1 Banish
 8 Paladin 
 3 Holy Light
 3 Divine Shield
 2 Devotion Aura
 7 Mountain King 
 3 Storm Bolt
 3 Bash
 1 Avatar
 
                » actions 
                
                | Assign group hotkey | 26 |  | 
| Basic commands | 26 |  | 
| Build / train | 100 |  | 
| ESC pressed | 2 |  | 
| Enter build submenu | 20 |  | 
| Enter hero's abilities submenu | 23 |  | 
| Give item / drop item | 4 |  | 
| Remove unit from queue | 3 |  | 
| Right click | 729 |  | 
| Select / deselect | 292 |  | 
| Select group hotkey | 915 |  | 
| Use ability | 305 |  | 
                2445 total
 » units 
                
                | Peasant | 10 |  | 
| Dragonhawk Rider | 22 |  | 
| Goblin Shredder | 1 |  | 
| Knight | 1 |  | 
| Priest | 1 |  | 
                35 total
 » upgrades
                
                | Lumber Harvesting | 1 |  | 
| Armor | 3 |  | 
| Animal War Training | 1 |  | 
| Swords | 3 |  | 
| Cloud | 1 |  | 
| Plating | 3 |  | 
| Masonry | 2 |  | 
| Priest Training | 1 |  | 
                15 total
 » buildings
                
                | Altar of Kings | 1 |  | 
| Farm | 14 |  | 
| Lumber Mill | 1 |  | 
| Keep | 2 |  | 
| Arcane Vault | 1 |  | 
| Gryphon Aviary | 3 |  | 
| Blacksmith | 1 |  | 
| Castle | 1 |  | 
| Town Hall | 2 |  | 
| Barracks | 2 |  | 
| Arcane Sanctum | 1 |  | 
                29 total
 » build order
                00:07 Altar of Kings
00:13 Farm
00:41 Farm
00:45 Farm
01:36 Lumber Mill
02:03 Keep
02:54 Farm
02:55 Farm
04:00 Arcane Vault
04:29 Gryphon Aviary
04:31 Gryphon Aviary
04:34 Gryphon Aviary
04:45 Blacksmith
05:11 Farm
07:07 Castle
07:23 Farm
07:24 Farm
07:40 Farm
07:41 Farm
07:42 Farm
08:49 Town Hall
09:03 Farm
09:03 Farm
09:06 Farm
10:03 Barracks
16:41 Barracks
24:48 Arcane Sanctum
25:51 Town Hall
» items
                
                | Lesser Clarity Potion | 2 |  | 
| Staff of Sanctuary | 3 |  | 
| Boots of Speed | 3 |  | 
| Staff of Teleportation | 3 |  | 
| Periapt of Vitality | 2 |  | 
| Circlet of Nobility | 2 |  | 
| Potion of Mana | 1 |  | 
| Orb of Fire | 2 |  | 
                18 total
  
                Chat log
          (00:25 / Allies) jino369: units
(01:48 / Allies) jino369: allo
(01:51 / Allies) jino369: units huye
(01:56 / Allies) jino369: guyz??
(02:07 / Allies) TF.Danzig.VFX: Hm.
(02:09 / Allies) TF.Danzig.VFX: Uhhhz.
(02:12 / Allies) TF.Danzig.VFX: Wyvs I guess.
(02:15 / Allies) TF.Danzig.VFX: Grunts to wyvs
(02:24 / All) youaintgood10: cold play viva vi vada
(02:40 / All) youaintgood10: lol
(02:42 / All) youaintgood10: so
(02:43 / Allies) TF.Danzig.VFX: harass time
(02:58 / All) youaintgood10: rofl
(03:43 / All) youaintgood10: ahahahahahahahahahahhahahahahahahahahahahahahahahahahahahahahahahahahahahahahahahahahahahahahahahahahahahahahahahahahahahahahah
(04:27 / All) TF.Danzig.VFX: No u?
(04:30 / All) TF.Danzig.VFX: LOLOLOLOL
(04:37 / All) TF.Danzig.VFX: kthx
(04:54 / All) TF.Danzig.VFX: eeep
(05:19 / All) TF.Danzig.VFX: Zomg
(05:42 / All) youaintgood10: dont u ever stfu
(05:55 / All) TF.Danzig.VFX: Don't get mad?
(05:56 / All) TF.Danzig.VFX: Shit.
(06:01 / All) TF.Danzig.VFX: I'm just enjoying the game.
(06:20 / All) youaintgood10: stfu bitch im not talking to u
(06:29 / All) TF.Danzig.VFX: Apparently you are now.
(06:35 / All) Safetypinkilla: LOL NO U
(06:38 / All) TF.Danzig.VFX: O SHIT.
(06:40 / All) TF.Danzig.VFX: NO ME.
(06:42 / All) TF.Danzig.VFX: I GOT SERRRRVED.
(06:45 / All) Safetypinkilla: LOL OK U
(07:06 / All) TF.Danzig.VFX: Can't counter that one, gg guys.
(07:10 / All) youaintgood10: now throw yo hands up in the sky
(08:03 / Allies) TF.Danzig.VFX: wtf r u going?
(08:21 / Allies) TF.Danzig.VFX: omw
(08:27 / All) youaintgood10: im hard as a mother fucker
(08:42 / All) TF.Danzig.VFX: Boner?
(08:53 / All) youaintgood10: ?
(08:54 / All) Safetypinkilla: lol.
(08:58 / All) TF.Danzig.VFX: That'd be pretty hXc.
(09:22 / All) youaintgood10: whats a boner
(09:23 / All) youaintgood10: lol
(09:30 / All) TF.Danzig.VFX: Blood flow to my cock?
(10:17 / All) youaintgood10: so wait blood shoots out
(10:21 / All) youaintgood10: ???
(10:48 / Allies) TF.Danzig.VFX: rofl
(10:49 / Allies) TF.Danzig.VFX: both went air
(10:53 / Allies) TF.Danzig.VFX: score
(14:12 / Allies) rock: i need wood
(15:01 / Allies) rock: all meet rush
(15:29 / Allies) jino369: green move ur units plz
(15:49 / Allies) rock: meet rush
(15:54 / Allies) jino369: move
(16:25 / Allies) TF.Danzig.VFX: lulz
(16:28 / Allies) TF.Danzig.VFX: mad amount of trolls
(16:39 / Allies) TF.Danzig.VFX: alot of trolls
(16:39 / Allies) TF.Danzig.VFX: ahhz
(16:41 / Allies) TF.Danzig.VFX: rofl
(16:42 / Allies) rock: rush ther bae
(16:58 / Allies) TF.Danzig.VFX: better have melee
(17:36 / Allies) TF.Danzig.VFX: dg
(17:38 / Allies) TF.Danzig.VFX: green
(17:38 / Allies) TF.Danzig.VFX: lead
(17:39 / All) MagmaLava: lolz
(17:43 / Allies) TF.Danzig.VFX: fuck
(17:50 / Allies) TF.Danzig.VFX: aa
(17:52 / Allies) TF.Danzig.VFX: out the dick
(18:53 / Allies) rock: back
(19:06 / Allies) TF.Danzig.VFX: b
(19:13 / Allies) rock: back to towers
(19:19 / Allies) TF.Danzig.VFX: just
(19:21 / Allies) TF.Danzig.VFX: b in gernal
(19:41 / Allies) TF.Danzig.VFX: massing raiders
(19:47 / All) youaintgood10: im rdy for sex
(20:13 / Allies) rock: i need mine
(21:02 / Allies) jino369: sorceress rock :P
(21:02 / Allies) TF.Danzig.VFX: mm
(21:02 / Allies) TF.Danzig.VFX: ape
(22:48 / Allies) rock: hit 2 base at ones
(23:30 / Allies) TF.Danzig.VFX: just attack
(23:49 / Allies) TF.Danzig.VFX: nice
(24:06 / Allies) TF.Danzig.VFX: i got blade storm
(24:28 / Allies) rock: i got one of ther mins
(26:28 / Allies) rock: i need gold
(26:50 / Allies) TF.Danzig.VFX: it's gg
(26:52 / Allies) TF.Danzig.VFX: lawl
(26:56 / Allies) rock: i need gold
(28:15 / Allies) rock: heklpo
(28:21 / Allies) rock: help
(28:29 / Allies) jino369: comming
(28:37 / Allies) TF.Danzig.VFX: omw
(29:21 / Allies) TF.Danzig.VFX: plan?
(30:18 / Allies) rock: i need gold 
(30:48 / Allies) rock: give me gold
(31:00 / Allies) TF.Danzig.VFX: yellow u have over 1k
(34:22 / All) youaintgood10: soulja boy
(34:24 / All) youaintgood10: YA
(34:25 / All) youaintgood10: YA
(34:27 / All) youaintgood10: YA
(34:30 / All) jino369: lol leave
(34:32 / All) youaintgood10: bitch ya
(35:14 / All) youaintgood10: im number one bitch why would i leave
(36:04 / All) youaintgood10: damn
(36:08 / All) youaintgood10: dats bull shit
(36:10 / All) youaintgood10: lol